 Dungeon Crawl Stone Soup version 0.24.0 (webtiles) character file.

Game seed: 8587554376011861158, levelgen mode: deterministic

86 Faels the Skirmisher (level 4, -2/36 HPs)
             Began as a Demonspawn Fighter on Feb 1, 2020.
             Killed by divine providence
             ... invoked by an orc priest
              (13 damage)
             ... on level 3 of the Dungeon on Feb 2, 2020.
             The game lasted 00:06:45 (2097 turns).

Faels the Skirmisher (Demonspawn Fighter)           Turns: 2097, Time: 00:06:46

Health: -2/36      AC:  7    Str: 17    XL:     4   Next: 26%
Magic:  4/4        EV:  9    Int: 14    God:
Gold:   105        SH:  8    Dex: 13    Spells: 3/3 levels left

rFire    . . .     SeeInvis .   a - +0 war axe
rCold    . . .     Gourm    .   c - +0 shield
rNeg     . . .     Faith    .   b - +0 scale mail
rPois    .         Spirit   .   (no helmet)
rElec    .         Reflect  .   u - +0 cloak
rCorr    .         Harm     .   (no gloves)
MR       .....                  (no boots)
Stlth    ..........             (no amulet)
HPRegen  0.12/turn              q - +2 ring of slaying
MPRegen  0.09/turn              (no ring)

@: brilliant
A: repulsion field 1
a: no special abilities


You were on level 3 of the Dungeon.
You were not hungry.

You visited 1 branch of the dungeon, and saw 3 of its levels.

You collected 105 gold pieces.

Inventory:

Hand Weapons
 a - a +0 war axe (weapon)
 l - a +0 dagger
 s - a cursed +0 dagger
Armour
 b - a +0 scale mail (worn)
 c - a +0 shield (worn)
 u - a +0 cloak (worn)
Jewellery
 i - an uncursed ring of ice
 q - a +2 ring of slaying (left hand)
Scrolls
 e - a scroll of enchant weapon {unknown}
 g - a scroll of identify
 h - 4 scrolls of remove curse
 j - 2 scrolls of fog
 k - a scroll of amnesia {unknown}
 o - 2 scrolls of enchant armour {unknown}
Potions
 d - a potion of might
 m - 3 potions of brilliance
 n - a potion of invisibility {unknown}
 p - 3 potions of curing
 r - a potion of agility {unknown}
 t - a potion of cancellation {unknown}
 v - a potion of ambrosia {unknown}
Comestibles
 f - 4 rations


   Skills:
 + Level 3.6 Fighting
 * Level 3.2 Axes
 - Level 2.6 Armour
 + Level 1.4 Dodging
 - Level 2.6 Shields


You had 3 spell levels left.
You didn't know any spells.
Your spell library contained the following spells:

 Spells                   Type           Power        Failure   Level  Hunger
 Confusing Touch          Hex            #.....       41%         1    ##.....
 Confuse                  Hex            #.......     73%         3    ####...
 Gell's Gravitas          Tloc           #.........   73%         3    ####...
 Petrify                  Tmut/Erth      #.......     97%         4    #####..
 Metabolic Englaciation   Hex/Ice        #.........   100%        5    ######.
 Yara's Violent Unravell  Hex/Tmut       #.........   100%        5    ######.


Dungeon Overview and Level Annotations

Branches:
Dungeon (3/15)

Altars:
Dithmenos
Qazlal


Innate Abilities, Weirdness & Mutations

You are surrounded by a mild repulsion field. (EV +2)


Message History

The orc hits you but does no damage.
The orc priest calls upon Beogh to heal the orc.
The orc's wounds heal themselves!
Your shield prevents you from hitting the orc.
You block the orc's attack.
You slash the orc!
You kill the orc!
The orc priest hits you but does no damage.
You closely miss the orc priest. The orc priest hits you with a +0 mace.
You slash the orc priest!
The orc priest is severely wounded.
You block the orc priest's attack.
The orc priest calls down the wrath of Beogh upon you.
Beogh smites you!
* * * LOW HITPOINT WARNING * * *
Your scale mail prevents you from hitting the orc priest.
The orc priest is severely wounded.
The orc priest mumbles some strange prayers to Beogh against you.
Beogh smites you!
You die...

#.# ####### #.#
#.....## #.###
#.###... #...#
#.# #.## ###.#
#.# #.# #.# #.#
#.# #.# #.# #.#
#########.# #.#
#.# #oo@......#
#.# #.#
#.#######.#
#.###.# #. #.#
#.....## #.
###.#####.....
#.
##.....###.....
#o
#.............##
#.
#.#...........#
#. #
#.....#####.#
#.....# #.#


You could see 2 orc priests.

Vanquished Creatures
  An adder (D:3)
  3 worms
  2 dart slugs (D:1)
  3 leopard geckos
  3 orcs
  2 ball pythons
  3 giant cockroaches
  7 hobgoblins
  2 jackals (D:1)
  8 bats
  4 frilled lizards
  6 goblins
  8 kobolds
  8 rats
60 creatures vanquished.

Notes
Turn   | Place    | Note
-------+----------+-------------------------------------------
     0 | D:1      | Faels the Demonspawn Fighter began the quest for the Orb.
     0 | D:1      | Reached XP level 1. HP: 18/18 MP: 1/1
   239 | D:1      | Gained mutation: You are surrounded by a mild repulsion
                  | field. (EV +2) [demonic ancestry]
   239 | D:1      | Reached XP level 2. HP: 12/24 MP: 2/2
   870 | D:1      | Reached skill level 1 in Dodging
   870 | D:1      | Reached XP level 3. HP: 29/29 MP: 3/3
  1248 | D:2      | Found a shadowy altar of Dithmenos.
  1640 | D:3      | Reached XP level 4. HP: 35/35 MP: 4/4
  1956 | D:3      | Found a stormy altar of Qazlal.
  2097 | D:3      | Killed from afar by an orc priest

Levels and vault maps discovered:
D:1:      dpeg_arrival_arbitrary_a, layout_loops_ring
D:2:      layout_basic, nicolae_dithmenos_through_a_glass_darkly, first_ration,
          minmay_pentomino_w2
D:3:      layout_loops_ring, nicolae_qazlal_eye_of_the_storm
